Map: Prion Terraces

Players

Thorminator

  • Race: Zerg Zerg
  • League: Grandmaster

Miszu - Winner!

  • Race: Terran Terran
  • League: Master

VOD

Have the link to the VOD?

Description

Time

  • Played on: April 7, 2016, 3:29 p.m.
  • Length: 24:24
Show
View Real Time Build Order
Export as new Build Order

Thorminator Zerg 

Build Orders: Hatch First, Muta Ling Bane, Zergling Baneling 

Get SALT Encoding   

  12  0:00  Drone  
  13  0:12  Overlord  
  13  0:17  Drone  
  14  0:31  Drone x2  
  14  0:34  Drone  
  17  0:51  Hatchery  
  17  0:55  Drone  
  17  0:57  Drone  
  18  1:07  Extractor  
  17  1:12  Spawning Pool  
  17  1:15  Drone  
  17  1:20  Drone  
  18  1:32  Drone  
  19  1:39  Overlord  
  19  1:51  Drone  
  20  2:02  Queen  
  20  2:03  Queen  
  20  2:04  Zergling x4  
  26  2:09  Metabolic Boost  
  26  2:12  Zergling x2  
  27  2:15  Drone  
  27  2:21  Overlord  
  28  2:26  Drone  
  29  2:35  Spore Crawler  
  29  2:36  Drone x2  
  29  2:39  Queen  
  29  2:43  Queen  
  34  2:44  Drone  
  34  2:47  Drone  
  36  2:54  Overlord  
  36  3:00  Drone  
  37  3:06  Drone  
  37  3:11  Drone x4  
  42  3:14  Drone x3  
  45  3:23  Overlord  
  45  3:24  Drone  
  46  3:33  Drone  
  47  3:34  Hatchery  
  47  3:38  Hatchery  
  47  3:41  Overlord  
  46  3:43  Extractor, Drone  
  46  3:44  Extractor, Drone  
  46  3:46  Extractor  
  45  3:56  Overlord  
  45  3:57  Drone x4  
  45  3:58  Drone  
  45  4:00  Baneling Nest  
  49  4:06  Drone  
  49  4:07  Drone  
  51  4:14  Spore Crawler  
  51  4:15  Lair  
  51  4:16  Spore Crawler  
  49  4:27  Drone  
  49  4:28  Drone  
  49  4:30  Zergling x4  
  49  4:31  Zergling x12  
  59  4:34  Queen  
  61  4:39  Overlord  
  61  4:40  Overlord  
  61  4:51  Baneling x4  
  61  4:55  Baneling x4  
  61  4:56  Zergling x6  
  64  5:05  Zergling x12  
  61  5:15  Drone  
  61  5:16  Drone x3  
  61  5:17  Queen  
  61  5:20  Drone  
  65  5:31  Spire, Overseer  
  65  5:34  Drone  
  65  5:35  Drone x2  
  67  5:36  Drone x2  
  69  5:44  Drone x3  
  69  5:49  Overseer  
  72  5:53  Overlord  
  72  5:54  Drone x6  
  78  6:00  Spore Crawler  
  78  6:02  Drone  
  78  6:09  Spore Crawler  
  76  6:17  Drone x5  
  80  6:25  Drone x5  
  84  6:34  Extractor  
  84  6:35  Extractor  
  84  6:37  Evolution Chamber  
  84  6:38  Drone, Evolution Chamber  
  81  6:43  Mutalisk x5  
  81  6:46  Zerg Flyer Armor Level 1  
  91  6:48  Overlord, Centrifical Hooks  
  91  6:49  Mutalisk  
  91  6:50  Mutalisk  
  91  6:53  Mutalisk  
  97  7:00  Overlord  
  97  7:01  Overlord x2  
  97  7:04  Zerg Melee Weapons Level 1  
  97  7:15  Hatchery  
  96  7:16  Zerg Ground Armor Level 1  
  96  7:18  Drone  
  96  7:20  Infestation Pit  
  96  7:24  Pneumatized Carapace  
  96  7:31  Zergling x2  
  96  7:32  Zergling x20  
  96  7:35  Overlord  
  107  7:49  Overlord  
  107  7:53  Zergling x6  
  107  7:56  Baneling x8  
  107  7:57  Baneling x2, Mutalisk x3  
  116  8:10  Extractor  
  115  8:14  Extractor  
  115  8:17  Hive, Mutalisk x2  
  115  8:19  Zergling x2  
  123  8:20  Zergling x10  
  120  8:45  Drone x3  
  120  8:46  Drone x3  
  120  8:47  Roach Warren  
  125  8:55  Zerg Flyer Armor Level 2  
  125  8:56  Corruptor x4  
  133  9:04  Overseer x2  
  133  9:06  Hatchery  
  114  9:33  Extractor, Queen x3  
  114  9:34  Extractor, Corruptor x5  
  114  9:38  Drone x3  
  121  9:39  Drone x3  
  121  9:45  Viper  
  127  9:55  Extractor  
  127  9:59  Spore Crawler  
  125  10:00  Viper  
  128  10:07  Spore Crawler  
  128  10:09  Viper  
  130  10:40  Hatchery  
  129  10:44  Viper x3  
  129  10:48  Spore Crawler  
  129  10:49  Drone x5  
  142  10:50  Spore Crawler  
  142  10:51  Overlord x3  
  139  11:14  Zerg Melee Weapons Level 2  
  139  11:16  Zerg Flyer Armor Level 3  
  124  11:34  Viper  
  124  11:35  Glial Reconstitution  
  124  11:37  Zerg Missile Weapons Level 1  
  129  11:40  Roach x12  
  148  12:08  Corruptor x6  
  130  12:11  Corruptor  
  135  12:22  Queen  
  135  12:23  Corruptor x3, Queen x3  
  135  12:28  Drone x3  
  135  12:29  Drone x3  
  155  12:30  Drone x6  
  155  12:31  Drone x4  
  165  12:41  Spore Crawler  
  164  12:44  Spore Crawler  
  164  12:45  Spore Crawler  
  164  12:47  Spore Crawler, Viper  
  164  12:48  Viper  
  167  13:01  Adrenal Glands  
  151  13:25  Corruptor x4  
  151  13:26  Corruptor  
  149  13:48  Evolution Chamber  
  146  13:50  Evolution Chamber  
  146  13:54  Corruptor x4  
  153  13:58  Zerg Flyer Weapons Level 1, Hatchery  
  152  14:11  Viper x2  
  152  14:13  Zergling x16  
  166  14:20  Extractor x2  
  164  14:38  Overlord x3  
  164  14:39  Overlord  
  163  15:10  Corruptor x2  
  163  15:11  Corruptor x2  
  171  15:15  Corruptor x3  
  171  15:16  Viper x3  
  171  15:18  Zergling x16  
  194  15:22  Overseer  
  194  15:23  Overseer  
  167  15:48  Corruptor x8  
  152  16:12  Corruptor x5  
  162  16:20  Hatchery  
  130  17:23  Corruptor x6  
  130  17:24  Corruptor  
  144  17:31  Extractor  
  144  17:35  Extractor  
  142  17:42  Hatchery  
  141  17:55  Hatchery  
  140  18:01  Drone x2  
  140  18:03  Drone x7, Hatchery  
  140  18:05  Drone  
  149  18:07  Extractor  
  149  18:08  Extractor  
  149  18:10  Drone  
  149  18:11  Drone  
  138  18:42  Roach x2  
  138  18:43  Zergling x4, Roach x2  
  147  18:57  Zergling x8  
  147  18:58  Zergling x4  
  147  19:01  Ultralisk Cavern  
  116  19:35  Corruptor x4  
  116  19:36  Corruptor x3  
  120  19:43  Overseer x2  
  116  19:48  Corruptor x3  
  116  19:49  Corruptor  
  110  20:04  Viper  
  110  20:05  Viper x2  
  110  20:06  Zergling x2  
  110  20:07  Zergling x24  
  112  20:28  Corruptor  
  112  20:29  Corruptor  
  96  20:46  Corruptor x2  
  94  20:50  Extractor  
  93  21:03  Corruptor x3  
  99  21:17  Corruptor  
  95  21:18  Queen  
  95  21:19  Queen x3  
  100  21:40  Corruptor x2  
  103  21:49  Corruptor  
  105  22:07  Overseer  
  104  22:10  Corruptor  
  106  22:16  Extractor  
  106  22:17  Extractor  
  106  22:20  Drone  
  106  22:21  Drone x5  
  107  22:41  Viper  
  107  22:43  Zergling x22  
  117  23:07  Corruptor x2  
  117  23:09  Drone x2  
  117  23:10  Drone x4  
  117  23:12  Drone x2  
  129  23:13  Drone  
  129  23:14  Drone  
  129  23:15  Drone  
  129  23:17  Drone  
  128  23:44  Corruptor x3  
Show
View Real Time Build Order
Export as new Build Order

Miszu Terran - Winner!

Build Orders: Reaper Expand, Hellion Banshee 

Get SALT Encoding   

  12  0:01  SCV  
  13  0:13  SCV  
  14  0:18  Supply Depot  
  14  0:25  SCV  
  15  0:40  SCV  
  15  0:42  Barracks  
  16  0:44  Refinery  
  16  0:52  SCV  
  17  1:04  SCV  
  18  1:16  SCV  
  19  1:29  Orbital Command  
  19  1:30  Reaper  
  20  1:42  Command Center  
  20  1:49  Supply Depot  
  21  1:54  SCV  
  21  2:02  Marine  
  21  2:06  SCV  
  23  2:12  Factory  
  23  2:13  Refinery  
  23  2:18  SCV  
  23  2:20  Marine  
  25  2:30  SCV  
  26  2:39  Barracks Reactor  
  26  2:42  SCV  
  27  2:53  Orbital Command  
  27  2:54  SCV  
  28  2:58  Starport  
  28  3:06  SCV  
  29  3:19  SCV  
  30  3:20  Hellion x2  
  30  3:22  SCV  
  35  3:27  Supply Depot  
  35  3:28  Barracks Tech Lab  
  35  3:31  SCV  
  35  3:34  SCV  
  37  3:42  Hellion x2  
  37  3:43  SCV  
  37  3:46  SCV  
  43  3:49  Armory  
  43  3:50  Supply Depot  
  43  3:52  Cloaking Field  
  43  3:53  Banshee  
  43  3:55  SCV  
  47  3:58  SCV  
  48  4:06  Hellion x2  
  48  4:07  SCV  
  53  4:10  SCV  
  53  4:14  Supply Depot  
  54  4:19  SCV  
  54  4:22  SCV  
  56  4:28  Hellion x2  
  60  4:31  SCV  
  60  4:32  Command Center  
  60  4:34  SCV  
  60  4:36  Supply Depot  
  62  4:42  Refinery x2, Banshee  
  62  4:43  SCV  
  66  4:46  SCV  
  67  4:55  SCV  
  67  4:58  SCV  
  69  5:02  Starport x2  
  69  5:07  SCV  
  69  5:11  SCV  
  61  5:20  SCV  
  59  5:23  SCV  
  59  5:24  Liberator x2  
  59  5:26  Banshee  
  59  5:27  Hellion x2  
  67  5:31  Supply Depot  
  67  5:32  Engineering Bay, SCV  
  67  5:35  SCV  
  75  5:43  Barracks Reactor  
  75  5:44  SCV  
  75  5:45  Orbital Command  
  75  5:47  SCV  
  77  5:56  SCV  
  78  5:59  SCV  
  79  6:08  SCV  
  80  6:11  SCV  
  80  6:12  Liberator  
  80  6:15  Hellion x2, Orbital Command  
  85  6:19  Supply Depot  
  85  6:20  SCV  
  85  6:23  SCV  
  87  6:31  Banshee  
  87  6:32  SCV  
  97  6:34  Supply Depot  
  97  6:35  SCV  
  98  6:42  SCV  
  98  6:44  SCV  
  98  6:45  Missile Turret  
  100  6:47  SCV  
  100  6:48  Refinery  
  100  6:50  Missile Turret  
  100  6:52  Refinery, Missile Turret  
  101  6:54  SCV  
  101  6:55  Command Center, Liberator  
  101  6:56  SCV  
  101  6:57  Liberator  
  101  6:59  SCV  
  101  7:02  Fusion Core  
  101  7:05  Hellion x2  
  101  7:06  SCV  
  106  7:08  SCV  
  106  7:10  Missile Turret  
  106  7:12  SCV  
  106  7:13  Missile Turret  
  114  7:18  SCV  
  114  7:20  SCV  
  116  7:24  SCV  
  116  7:29  Terran Ship Weapons Level 1  
  117  7:31  Liberator  
  117  7:37  Starport  
  117  7:39  Starport  
  117  7:45  Supply Depot  
  117  7:47  Supply Depot x2  
  117  7:48  SCV x2, Banshee  
  117  7:49  Supply Depot, Liberator  
  125  8:00  Supply Depot  
  125  8:04  Starport Tech Lab  
  125  8:06  Hellion x2, SCV  
  125  8:08  Supply Depot, Hyperflight Rotors  
  125  8:11  Supply Depot  
  133  8:13  Supply Depot  
  133  8:20  Command Center  
  133  8:21  Liberator  
  131  8:27  Refinery  
  130  8:35  Liberator  
  130  8:39  Banshee x2  
  145  8:44  Starport Tech Lab x2  
  139  8:49  Planetary Fortress  
  139  8:54  Hellion x2  
  146  8:56  Refinery  
  146  8:58  Missile Turret  
  146  9:04  Banshee x2  
  146  9:05  Liberator  
  152  9:12  Command Center x2  
  152  9:18  Hellion, Liberator  
  152  9:19  Hellion  
  152  9:22  Banshee  
  157  9:46  Banshee  
  157  9:47  Liberator  
  160  9:54  Command Center, Terran Ship Weapons Level 2  
  160  9:55  Command Center  
  160  9:56  Armory  
  160  10:01  Liberator x2  
  160  10:03  Factory  
  163  10:08  Banshee  
  163  10:09  Viking  
  168  10:15  Liberator  
  174  10:22  Liberator  
  171  10:44  Missile Turret  
  171  10:45  Refinery x2, Terran Vehicle And Ship Armor Level 1, Missile Turret x2  
  171  10:47  Missile Turret  
  171  10:48  Missile Turret  
  171  10:49  Missile Turret, Orbital Command x2  
  171  10:52  Planetary Fortress  
  171  10:53  Liberator x3  
  171  10:55  Command Center  
  169  11:04  Building Armor  
  178  11:17  Supply Depot  
  178  11:25  SCV x6  
  176  11:31  Supply Depot  
  177  11:35  Factory Tech Lab  
  177  11:36  Banshee x2  
  177  11:37  SCV x2, Liberator x3  
  185  12:07  Viking  
  140  12:19  Viking x2  
  140  12:20  Liberator x2  
  140  12:33  Refinery  
  140  12:34  Orbital Command  
  140  12:40  Liberator  
  140  12:41  Refinery, Liberator, Missile Turret  
  140  12:42  Liberator  
  152  12:44  Liberator  
  152  12:45  Orbital Command  
  129  13:20  Viking x2  
  116  13:27  Liberator  
  116  13:33  Liberator x2  
  113  13:35  Widow Mine  
  113  13:40  Viking  
  113  13:41  Viking  
  117  13:42  Viking  
  117  13:46  Starport  
  126  13:48  Starport, Hellion x2  
  126  13:50  Command Center, SCV x5  
  126  13:51  SCV x4  
  126  13:52  Liberator  
  141  13:57  Planetary Fortress  
  141  14:02  SCV  
  142  14:05  Hellion  
  146  14:10  Hellion  
  146  14:11  Banshee  
  146  14:12  Viking  
  146  14:16  Liberator  
  146  14:17  Missile Turret  
  154  14:20  Refinery  
  154  14:24  Missile Turret  
  154  14:26  Banshee  
  154  14:28  Viking  
  154  14:29  Viking, Missile Turret  
  161  14:31  Missile Turret  
  161  14:36  Liberator, Missile Turret  
  164  14:41  Liberator x2  
  164  14:42  Banshee  
  167  14:50  Viking  
  167  14:52  Command Center, Banshee  
  169  14:54  Terran Vehicle And Ship Armor Level 2  
  180  15:06  Missile Turret  
  180  15:09  Missile Turret  
  162  15:39  Viking x3  
  162  15:40  Viking x2, Banshee  
  160  15:47  Viking  
  160  15:48  Viking  
  156  15:53  Liberator  
  147  16:09  Viking x3  
  147  16:10  Viking  
  145  16:28  Liberator  
  142  16:36  SCV  
  142  16:37  SCV x4  
  144  16:45  Missile Turret x2  
  147  16:48  Refinery, Missile Turret  
  147  16:53  SCV x2  
  134  17:02  Liberator  
  134  17:03  Liberator x6  
  129  17:11  Liberator  
  111  17:46  Liberator x6  
  111  18:02  Viking, Command Center  
  129  18:11  Viking  
  129  18:16  Orbital Command  
  129  18:24  Liberator  
  113  18:28  Liberator  
  113  18:29  Liberator x3  
  113  18:30  SCV  
  113  18:32  Viking  
  114  18:45  Refinery, Liberator  
  114  18:46  Viking x2, Missile Turret  
  114  18:48  Refinery  
  133  19:00  Missile Turret  
  136  19:16  Viking x2  
  140  19:24  Viking  
  140  19:28  Liberator x2  
  140  19:29  Liberator  
  115  19:31  Viking x3  
  115  19:32  Viking  
  115  19:37  Liberator  
  135  20:01  Viking  
  137  20:12  Orbital Command  
  101  20:41  Viking x3  
  97  21:01  Banshee  
  99  21:06  Orbital Command  
  99  21:07  Banshee  
  98  21:23  SCV x4  
  102  21:40  SCV  
  102  21:41  SCV  
  104  21:49  SCV x2  
  104  21:50  SCV  
  104  21:51  SCV  
  104  21:52  SCV  
  105  22:09  Planetary Fortress  
  105  22:10  SCV x3  
  105  22:11  SCV x2  
  105  22:13  SCV  
  105  22:14  SCV x2  
  113  22:19  Refinery  
  113  22:22  SCV x2  
  118  22:23  SCV x3  
  118  22:25  SCV  
  118  22:26  Liberator x2  
  118  22:27  Liberator x6  
  128  22:37  Refinery  
  128  22:38  Missile Turret  
  128  22:39  Refinery, Missile Turret  
  125  22:46  SCV  
  125  22:48  Refinery, SCV x2  
  125  22:49  SCV x2  
  125  22:50  SCV  
  146  22:52  SCV  
  146  22:56  SCV  
  146  22:58  SCV  
  149  23:00  SCV x2  
  149  23:01  SCV  
  149  23:04  SCV  
  150  23:09  Liberator x3  
  150  23:10  Liberator x2  
  150  23:16  Orbital Command  
  150  23:40  SCV x2  
  150  23:41  SCV x6  
  159  23:52  SCV  
  159  23:53  SCV  
Tags
 
Add a new tag
Caveats
  • Supply blocks, unpowered buildings, or Contaminate may cause inaccurate times.
  • Supply counts are checked every 10 seconds.